Map: 16-Bit LE

Players

Radu

  • Race: Zerg Zerg
  • League: Platinum
  • Spawn Location: 1:00

Kedgann - Winner!

  • Race: Terran Terran
  • League: Gold
  • Spawn Location: 7:00

VOD

Have the link to the VOD?

Description

Time

  • Played on: June 14, 2018, 9:12 a.m.
  • Length: 19:03
Show
View Real Time Build Order
Export as new Build Order

Radu Zerg 

Build Orders: Pool First 

Get SALT Encoding   

  12  0:19  Spawning Pool  
  11  0:23  Drone  
  12  0:28  Drone  
  12  0:34  Drone  
  14  1:03  Overlord  
  14  1:21  Queen  
  14  1:22  Zergling x6  
  19  1:33  Drone  
  20  1:44  Drone  
  20  1:46  Hatchery  
  20  1:51  Extractor  
  19  1:55  Drone  
  20  2:05  Overlord  
  20  2:16  Drone  
  21  2:30  Drone  
  21  2:33  Drone  
  21  2:34  Drone x2  
  21  2:36  Extractor  
  24  2:45  Drone  
  24  3:02  Zergling x2  
  24  3:03  Zergling x6  
  24  3:04  Metabolic Boost  
  28  3:08  Queen  
  28  3:09  Drone  
  28  3:10  Drone  
  31  3:14  Overlord  
  31  3:24  Overlord  
  31  3:37  Drone  
  31  3:38  Zergling x2, Drone  
  31  3:40  Drone x2  
  36  3:41  Zergling x2  
  37  4:09  Zergling x14  
  44  4:16  Lair  
  44  4:44  Drone x3  
  47  4:47  Zergling x8  
  47  4:49  Overlord  
  47  4:50  Overlord x2  
  50  5:05  Baneling Nest  
  49  5:11  Zergling x2  
  49  5:12  Zergling x14  
  57  5:22  Hydralisk Den  
  57  5:28  Infestation Pit  
  55  5:32  Drone x4  
  50  6:04  Drone x10  
  46  6:20  Queen  
  48  7:17  Hydralisk x2  
  48  7:18  Hydralisk x7  
  66  7:25  Overlord  
  66  7:26  Overlord x2  
  66  7:40  Overseer x2  
  66  7:48  Hydralisk  
  66  7:49  Hydralisk x2  
  72  8:08  Drone  
  72  8:09  Drone x2  
  72  8:12  Drone x2  
  77  8:14  Drone x3  
  77  8:19  Drone  
  81  8:21  Drone x2  
  81  8:22  Drone  
  81  8:24  Extractor  
  83  8:43  Grooved Spines  
  81  8:53  Zergling x2  
  81  8:54  Zergling x12  
  87  9:10  Baneling  
  87  9:11  Baneling x7  
  87  9:13  Baneling  
  87  9:16  Baneling  
  65  9:50  Hydralisk  
  65  9:51  Hydralisk x2  
  71  9:54  Hydralisk  
  71  9:55  Muscular Augments  
  71  9:58  Extractor  
  72  10:07  Drone x2  
  72  10:08  Drone  
  75  10:36  Hydralisk  
  75  10:37  Hydralisk x5  
  75  10:38  Hydralisk  
  75  10:39  Zergling x8  
  75  10:42  Zergling x6  
  95  10:59  Hatchery  
  95  11:02  Baneling  
  95  11:03  Baneling x12  
  94  11:05  Baneling  
  94  11:25  Hive  
  94  11:32  Centrifical Hooks  
  94  11:52  Hydralisk x3  
  100  11:56  Overlord x2  
  100  11:57  Overlord x2  
  76  12:35  Zergling x30  
  72  13:21  Zergling x20  
  72  13:22  Zergling x4  
  84  13:39  Hatchery  
  80  13:50  Zergling x16  
  88  14:04  Drone  
  88  14:06  Drone x2  
  88  14:07  Drone x2  
  88  14:09  Drone x2  
  95  14:10  Drone  
  96  14:53  Baneling x2  
  96  14:54  Baneling x28  
  96  14:56  Baneling  
  96  14:57  Baneling  
  96  14:59  Baneling  
  96  15:00  Baneling  
  96  15:08  Drone  
  96  15:09  Drone  
  96  15:10  Drone  
  37  15:54  Zergling x22  
  37  15:55  Zergling x2  
  49  16:00  Queen  
  49  16:01  Queen  
  49  16:03  Queen  
  55  16:14  Drone  
  55  16:18  Drone  
  57  16:21  Drone x2  
  59  16:35  Hydralisk x4  
  59  16:37  Zergling x2  
  59  16:38  Zergling x2  
  69  17:10  Hydralisk x5  
  69  17:11  Hydralisk x2  
  69  17:13  Zergling x2  
  69  17:14  Zergling x2  
  85  17:21  Zergling x2  
  85  17:22  Zergling x4  
  67  17:56  Hydralisk Den  
  65  18:13  Spawning Pool  
Show
View Real Time Build Order
Export as new Build Order

Kedgann Terran - Winner!

Build Orders: Reaper Expand, MMM Bio 

Get SALT Encoding   

  12  0:00  SCV  
  13  0:17  Supply Depot  
  13  0:21  SCV  
  14  0:33  SCV  
  15  0:39  Barracks  
  15  0:42  Refinery  
  15  0:46  SCV  
  16  0:58  SCV  
  17  1:10  SCV  
  18  1:26  Orbital Command  
  18  1:28  Reaper  
  18  1:31  Supply Depot  
  19  1:52  Command Center  
  19  1:58  SCV  
  20  2:04  Barracks Reactor  
  20  2:09  Barracks  
  20  2:13  SCV  
  21  2:18  Refinery  
  21  2:42  Marine  
  21  2:43  Marine  
  23  2:47  SCV  
  24  2:54  Factory  
  24  2:59  SCV  
  25  3:12  Orbital Command, SCV  
  26  3:15  Barracks Tech Lab  
  26  3:24  SCV  
  27  3:28  Marine  
  27  3:29  Marine  
  29  3:36  SCV  
  29  3:39  Starport  
  30  3:46  Factory Reactor  
  30  3:47  Stimpack  
  30  3:49  Marine  
  31  3:58  SCV  
  31  3:59  SCV  
  31  4:01  Marine x2  
  35  4:12  Supply Depot  
  35  4:13  Supply Depot, Marine  
  36  4:19  Marine  
  36  4:20  SCV  
  36  4:21  SCV  
  39  4:28  Marine  
  39  4:31  Marine, Medivac x2  
  44  4:44  Marine  
  45  4:46  Marine  
  45  4:47  Factory Tech Lab  
  46  4:54  Barracks  
  46  4:58  Barracks  
  46  4:59  Engineering Bay  
  46  5:02  Engineering Bay  
  46  5:07  Marine x3  
  49  5:25  Marine  
  49  5:27  SCV  
  49  5:28  SCV  
  52  5:29  Marine x2  
  52  5:32  Medivac x2  
  52  5:33  Siege Tank  
  61  5:39  Refinery, SCV  
  57  6:15  Marine x3  
  57  6:17  Barracks Reactor  
  57  6:18  Terran Infantry Weapons Level 1, Barracks Reactor  
  60  6:19  Terran Infantry Armor Level 1  
  60  6:21  Supply Depot  
  60  6:22  Medivac  
  60  6:23  Supply Depot  
  62  6:30  Supply Depot  
  62  6:33  Supply Depot  
  62  6:35  Supply Depot  
  62  6:36  Supply Depot  
  62  6:43  Marine  
  63  6:59  Marine  
  63  7:00  Marine  
  63  7:01  Marine  
  66  7:02  Marine x3  
  66  7:03  Marine  
  66  7:05  Medivac x2  
  74  7:11  SCV x2  
  74  7:13  Refinery  
  76  7:17  Marine  
  77  7:23  SCV x2  
  79  7:35  SCV x2  
  79  7:36  Marine x4  
  85  7:37  Marine  
  85  7:40  Marine  
  85  7:41  Marine  
  85  7:42  Medivac  
  90  7:44  Siege Tank  
  93  7:54  Marine  
  93  7:57  Command Center  
  94  8:10  Supply Depot  
  94  8:11  Supply Depot  
  94  8:12  Supply Depot  
  94  8:13  Supply Depot  
  94  8:14  Supply Depot, Marine x4  
  94  8:16  Supply Depot  
  98  8:22  Marine  
  98  8:23  Marine x2  
  101  8:28  SCV x2  
  101  8:31  Marine  
  101  8:32  Marine x2  
  106  8:37  Supply Depot  
  106  8:40  SCV x2  
  108  8:52  SCV x2  
  108  8:54  Marine x4  
  108  8:55  Marine  
  115  9:04  SCV x2  
  117  9:16  SCV  
  93  9:33  Marine  
  93  9:34  Marine  
  88  9:43  Marauder  
  89  10:04  Marauder  
  89  10:05  Barracks Tech Lab  
  91  10:09  Barracks Tech Lab, Factory  
  91  10:11  SCV  
  91  10:12  SCV, Marine x2  
  91  10:13  Factory  
  95  10:17  Orbital Command  
  95  10:20  Refinery  
  95  10:23  SCV  
  95  10:24  Refinery, SCV  
  95  10:25  Marine  
  98  10:30  Marine  
  98  10:32  Armory  
  98  10:35  Liberator x2  
  99  10:36  SCV x2  
  99  10:41  Marauder x2, Combat Shield  
  105  10:42  Concussive Shells  
  105  10:47  Marauder, Marine x2  
  105  10:48  SCV x2  
  111  10:51  Siege Tank  
  120  10:58  Starport  
  120  11:00  SCV x2  
  120  11:02  Marauder, Marine  
  125  11:08  Hellion x3  
  125  11:09  Hellion  
  133  11:17  Marauder  
  135  11:19  Marine x2  
  135  11:20  Marauder, Terran Infantry Weapons Level 2  
  135  11:21  Terran Infantry Armor Level 2  
  135  11:23  Marauder  
  135  11:24  Terran Vehicle Weapons Level 1  
  141  11:27  Armory  
  141  11:29  SCV x2, Hellion  
  141  11:30  SCV  
  146  11:35  Hellion  
  146  11:39  Marauder  
  150  11:41  SCV  
  150  11:42  SCV x2  
  124  12:31  Starport Tech Lab  
  124  12:33  Terran Vehicle And Ship Armor Level 1  
  124  12:35  Supply Depot x2, Marine x2  
  124  12:36  Marauder, Supply Depot, Marine  
  124  12:37  Marauder, Supply Depot  
  131  12:38  Hellion x4  
  139  12:52  Marine  
  139  12:53  Marine  
  139  12:54  Marauder  
  139  12:58  Marauder  
  145  12:59  Hellion x2  
  145  13:00  Hellion x2  
  150  13:10  Medivac x2  
  146  13:30  Command Center  
  146  13:31  Hellion x12  
  146  13:32  Command Center  
  145  13:36  Supply Depot  
  145  13:38  Supply Depot  
  145  13:43  Supply Depot  
  145  13:46  Supply Depot  
  145  13:47  Supply Depot  
  143  13:52  Marine x2  
  143  13:53  Marauder, Marine x2  
  149  14:06  Barracks x3  
  149  14:08  Barracks  
  149  14:10  Marine x2  
  149  14:11  Marauder x2  
  149  14:12  Refinery  
  149  14:16  Marine  
  156  14:25  SCV  
  157  14:31  Marine  
  157  14:32  Marauder, Marine  
  157  14:33  Marauder  
  157  14:34  Marine  
  164  14:45  Terran Infantry Weapons Level 3  
  164  14:52  Raven  
  164  14:55  Terran Infantry Armor Level 3  
  166  15:11  Marine x2  
  166  15:12  Marauder x2, Marine  
  173  15:17  Refinery  
  114  15:29  Marine x2  
  114  15:30  Marauder  
  114  15:33  Marauder, Marine  
  132  15:35  Medivac  
  103  15:36  Hellion x2  
  103  15:42  Marine x4  
  107  15:43  Factory Tech Lab  
  104  15:50  Marine  
  104  15:51  Marauder x2, Marine  
  104  15:52  Widow Mine  
  104  15:55  Marauder  
  114  15:57  Hellion  
  114  15:58  Widow Mine  
  114  16:01  Barracks Tech Lab  
  119  16:05  Barracks Tech Lab, Medivac  
  119  16:06  Barracks Tech Lab  
  119  16:07  Barracks Tech Lab  
  119  16:10  Planetary Fortress  
  119  16:11  Barracks Tech Lab  
  120  16:13  Marauder x2  
  120  16:14  Widow Mine, SCV  
  120  16:15  SCV x2  
  129  16:18  SCV  
  129  16:22  Widow Mine x2  
  129  16:23  Marine x2  
  129  16:24  Marine x3  
  139  16:26  Siege Tank, SCV  
  139  16:27  SCV x2  
  139  16:30  SCV  
  146  16:34  Marine x2  
  146  16:35  Siege Tank, Medivac  
  146  16:37  Factory  
  146  16:39  Factory  
  153  16:41  Marine x2  
  153  16:43  SCV  
  153  16:45  Factory  
  156  16:48  Marauder, Marine  
  156  16:49  Marauder x2, Marine  
  156  16:51  Marine  
  156  16:52  Marauder  
  167  16:55  SCV  
  167  16:57  Medivac  
  167  16:58  Siege Tank, Marine  
  167  16:59  Marine  
  175  17:06  Infernal Pre-Igniter  
  175  17:07  Marauder x2, Siege Tank  
  175  17:08  Drilling Claws  
  182  17:09  Marine x2  
  182  17:10  Marauder x2  
  188  17:24  SCV x2  
  190  17:32  Refinery  
  190  17:35  Refinery  
  183  17:54  Marauder, Marine x5  
  183  17:55  Marauder x3  
  191  18:02  Factory Tech Lab x3  
  183  18:11  Marine  
  183  18:12  Marauder, Marine x2  
  189  18:13  Marauder, Command Center  
  189  18:15  Marine  
  189  18:16  Marauder x2, Marine  
  196  18:21  Command Center  
  196  18:31  Marauder  
Tags
 
Composition
MMM Bio
Matchup
TvZ
Spawn Locations
Cross Positions
Add a new tag
Caveats
  • Supply blocks, unpowered buildings, or Contaminate may cause inaccurate times.
  • Supply counts are checked every 10 seconds.